 Dungeon Crawl Stone Soup version 0.30.0-18-gc0e69614cb (webtiles) character file.

Game seed: 3374141717193612532

541 Edyrem the Trooper (level 7, -1/62 HPs)
             Began as a Hill Orc Fighter on May 25, 2023.
             Slain by a gnoll
             ... wielding a +0 spear
             ... led by a gnoll bouda
              (5 damage)
             ... on level 5 of the Dungeon.
             The game lasted 00:04:41 (3661 turns).

Edyrem the Trooper (Hill Orc Fighter)               Turns: 3661, Time: 00:04:42

Health: -1/62      AC: 12    Str: 21    XL:     7   Next: 26%
Magic:  7/7        EV:  6    Int:  8    God:
Gold:   212        SH:  5    Dex: 16    Spells: 6/6 levels left

rFire   . . .        a - +0 war axe
rCold   . . .        c - +0 buckler
rNeg    . . .        q - +0 plate armour
rPois   .            (no helmet)
rElec   .            (no cloak)
rCorr   .            (no gloves)
SInv    .            (no boots)
Will    .....        (no amulet) Stlth
                     r - +6 ring of dexterity
HPRegen 0.30/turn    (no ring)
MPRegen 0.10/turn

%: no passive effects
@: mighty
A: no striking features
a: no special abilities


You were on level 5 of the Dungeon.
You visited 1 branch of the dungeon, and saw 5 of its levels.

You collected 212 gold pieces.

Inventory:

Hand Weapons
 a - a +0 war axe (weapon)
 b - a +0 whip of electrocution
Missiles
 n - a throwing net (quivered)
 p - 5 silver boomerangs
 s - 3 boomerangs
Armour
 c - a +0 buckler (worn)
 q - a +0 plate armour (worn)
Jewellery
 r - a +6 ring of dexterity (left hand)
Scrolls
 g - 4 scrolls of identify {unknown}
 h - a scroll of amnesia {unknown}
 i - 3 scrolls of immolation {unknown}
 k - 2 scrolls of enchant weapon {unknown}
 o - a scroll of vulnerability {unknown}
 u - 2 scrolls of magic mapping {unknown}
Potions
 e - a potion of magic {unknown}
 f - a potion of haste {unknown}
 j - 2 potions of curing {@q2}
 l - a potion of brilliance {unknown}
 m - 2 potions of resistance {unknown}
 t - 2 potions of heal wounds {unknown}
 v - a potion of mutation {unknown}


   Skills:
 + Level 5.8 Fighting
 + Level 5.5 Axes
 + Level 5.2 Armour
 + Level 5.2 Shields


You had 6 spell levels left.
You didn't know any spells.
Your spell library contained the following spells:

 Spells                   Type           Power      Damage    Failure   Level
 Ignite Poison            Fire/Tmut/Pois 0%         N/A       100%        3
 Sticky Flame             Conj/Fire      0%         2d3       100%        4
 Ignition                 Fire           0%         3d3       100%        8


Dungeon Overview and Level Annotations

Branches:
Dungeon (5/15)
 Temple: D:4-7

Altars:
Hepliaklqana
Makhleb
Sif Muna
Uskayaw
Wu Jian


Message History

The gnoll sergeant hits you with a +0 trident.
The gnoll hits you but does no damage. You block the gnoll's attack.
Something hits you but does no damage.
The gnoll bouda hits you with a +0 club.
* * * LOW HITPOINT WARNING * * *
Sorry, you're not good enough to have a special ability.
You feel very mighty all of a sudden.
The gnoll is no longer moving quickly.
The gnoll sergeant hits you with a +0 trident.
* * * LOW HITPOINT WARNING * * *
You block the gnoll's attack.
The gnoll hits you but does no damage. x2
Something hits you but does no damage. The gnoll bouda barely misses you.
You hit the gnoll bouda but do no damage.
You slash the gnoll sergeant! You slash something! You closely miss the gnoll.
Your attacks no longer feel as feeble.
The gnoll sergeant is no longer moving quickly.
You block the gnoll sergeant's attack. The gnoll hits you but does no damage.
You block the gnoll's attack. The gnoll hits you but does no damage.
You hear some strange, mumbled words.
A puff of flame appears from out of thin air!
The puff of flame hits you!
* * * LOW HITPOINT WARNING * * *
The gnoll bouda barely misses you.
You slash the gnoll bouda!
The gnoll bouda is severely wounded.
You slash the gnoll!
You kill the gnoll!
You barely miss the gnoll sergeant. You slash something!
Reactivating autopickup.
You feel a bit more experienced.
The gnoll sergeant hits you but does no damage.
The gnoll hits you but does no damage. x2
The gnoll bouda hits you with a +0 club.
* * * LOW HITPOINT WARNING * * *
It was a potion of curing.
You feel better. You block the gnoll's attack.
The gnoll sergeant hits you with a +0 trident.
* * * LOW HITPOINT WARNING * * *
The gnoll closely misses you.
The gnoll hits you from afar with a +0 spear.
You die... ### #.# #.# #.# #.# #.# ##.# #..# #.)# #@## #ggggJg...#

#.#.g......
#....P..P..
# .......P.
..........
..........
#.......PP.


You could see a gnoll sergeant, a gnoll bouda, a jelly and 4 gnolls.

Vanquished Creatures
  Menkaure (D:4)
  A jelly (D:3)
  An orc priest (D:4)
  An iguana (D:4)
  6 orc wizards
  A gnoll (D:5)
  8 adders
  An ufetubus (D:4)
  2 worms (D:2)
  A dart slug (D:2)
  18 orcs
  4 ball pythons
  6 bats
  9 endoplasms
  2 giant cockroaches
  2 goblins
  6 hobgoblins
  3 jackals (D:1)
  4 quokkas
  5 frilled lizards
  10 kobolds
  4 rats
96 creatures vanquished.

Notes
Turn   | Place    | Note
-------+----------+-------------------------------------------
     0 | D:1      | Edyrem the Hill Orc Fighter began the quest for the Orb.
     0 | D:1      | Reached XP level 1. HP: 19/19 MP: 1/1
   115 | D:1      | Reached XP level 2. HP: 27/27 MP: 2/2
   320 | D:1      | Found a faded altar of an unknown god.
   402 | D:1      | Reached XP level 3. HP: 33/33 MP: 3/3
  1144 | D:2      | Reached XP level 4. HP: 31/40 MP: 4/4
  1548 | D:2      | Reached XP level 5. HP: 47/47 MP: 5/5
  2293 | D:3      | Found a hazy altar of Hepliaklqana.
  2477 | D:3      | Reached skill level 5 in Fighting
  2508 | D:3      | Reached XP level 6. HP: 53/56 MP: 6/6
  2946 | D:4      | Noticed Menkaure
  2959 | D:4      | Killed Menkaure
  2960 | D:4      | Reached skill level 5 in Axes
  3132 | D:4      | Reached skill level 5 in Shields
  3202 | D:4      | Found a hide-covered altar of Uskayaw.
  3263 | D:4      | Found a burning altar of Makhleb.
  3273 | D:4      | Reached skill level 5 in Armour
  3294 | D:4      | Reached XP level 7. HP: 55/61 MP: 7/7
  3459 | D:4      | Found a shimmering blue altar of Sif Muna.
  3472 | D:4      | Found an ornate altar of the Wu Jian Council.
  3623 | D:5      | Entered Level 5 of the Dungeon
  3660 | D:5      | HP: 2/62 [gnoll bouda/+0 club (3)]
  3661 | D:5      | Slain by a gnoll

Illustrated notes

Levels and vault maps discovered:
D:1:      eino_arrival_tree_alley, layout_basic,
          hellmonk_ecumenical_altar_slurped_away
D:2:      layout_basic, kennysheep_generic_room_8
D:3:      minmay_skewed_foursquare, layout_basic,
          worldfamousw_hep_ancestral_shrine, grunt_decor_cap
D:4:      layout_rooms, overflow_temple_1_default,
          mainiacjoe_overflow_large_starburst, general_overflow_altar,
          minmay_misc_feat_diagonals, uniq_menkaure
D:5:      layout_basic, kennysheep_nondescript, nicolae_grassy_gnolls

Skill      XL: |  1  2  3  4  5  6 |
---------------+-------------------+-----
Axes           | 3 4 5 |  5.5
Fighting       | 4 5 |  5.8
Shields        | 4 5 |  5.2
Armour         | 4 5 |  5.2

Action                     |  1- 3 |  4- 6 |  7- 9 || total
---------------------------+-------+-------+-------++-------
  Melee: War axe           |    95 |   157 |    37 ||   289
    Use: Potion            |       |       |     2 ||     2
 Armour: Scale mail        |    46 |    44 |       ||    90
         Plate armour      |       |    51 |    50 ||   101
  Dodge: Dodged            |    42 |    47 |    14 ||   103
  Block: Buckler           |    19 |    39 |    21 ||    79
